Map: Ascension to Aiur LE

Players

llllllllllll (herO) - Winner!

  • Race: Protoss Protoss
  • League: Grandmaster
  • Spawn Location: 5:00

Impact

  • Race: Zerg Zerg
  • League: Grandmaster
  • Spawn Location: 11:00

VOD

Have the link to the VOD?

Description

Time

  • Played on: Nov. 30, 2017, 9:15 a.m.
  • Length: 20:18
Show
View Real Time Build Order
Export as new Build Order

llllllllllll Protoss - Winner!

Build Orders: 1 Gate Expand 

Get SALT Encoding   

  12  0:00  Probe  
  13  0:12  Probe  
  14  0:17  Pylon  
  14  0:24  Probe  
  15  0:37  Probe (Chrono Boost)  
  15  0:38  Gateway  
  16  0:44  Assimilator  
  16  0:49  Probe (Chrono Boost)  
  17  0:55  Probe (Chrono Boost)  
  18  1:03  Probe  
  19  1:15  Probe  
  20  1:26  Nexus  
  20  1:33  Cybernetics Core  
  20  1:36  Probe  
  21  1:42  Assimilator  
  21  1:48  Probe  
  21  1:52  Pylon  
  22  2:01  Probe  
  23  2:10  Adept (Chrono Boost)  
  23  2:11  Warp Gate  
  23  2:13  Probe  
  26  2:21  Twilight Council  
  26  2:25  Probe  
  26  2:27  Adept  
  29  2:38  Probe x2 (Chrono Boost)  
  32  2:53  Probe x2 (Chrono Boost)  
  32  2:54  Adept  
  32  2:57  Resonating Glaives, Probe x2  
  36  3:10  Probe  
  36  3:11  Probe  
  38  3:23  Probe x2  
  38  3:24  Robotics Facility  
  38  3:27  Gateway  
  38  3:31  Gateway  
  38  3:37  Gateway  
  38  3:39  Probe (Chrono Boost)  
  38  3:40  Probe (Chrono Boost)  
  42  3:48  Pylon  
  42  3:50  Probe (Chrono Boost)  
  42  3:52  Probe x2 (Chrono Boost)  
  42  3:55  Assimilator, Probe  
  44  3:58  Assimilator  
  44  4:05  Probe  
  44  4:07  Pylon, Probe  
  46  4:11  Pylon  
  46  4:14  Warp Prism (Chrono Boost)  
  48  4:20  Stalker  
  48  4:21  Probe  
  48  4:22  Probe  
  52  4:31  Sentry, Adept x2  
  54  4:37  Templar Archives  
  58  4:44  Warp Prism  
  60  4:52  Adept  
  62  4:53  Stalker  
  62  4:58  Stalker  
  62  5:19  Probe x2  
  64  5:24  Psionic Storm  
  64  5:27  Sentry, Adept x2  
  70  5:37  Pylon  
  70  5:55  Probe x2  
  64  6:07  High Templar x2, Probe x2  
  68  6:14  High Templar  
  70  6:19  Probe (Chrono Boost)  
  70  6:20  Probe (Chrono Boost)  
  70  6:24  Nexus  
  72  6:27  Pylon  
  72  6:31  Probe (Chrono Boost)  
  72  6:32  Probe (Chrono Boost), Observer  
  75  6:33  Forge  
  77  6:40  Probe x2 (Chrono Boost)  
  77  6:42  Pylon  
  77  6:45  Probe x2  
  77  6:58  Probe x2  
  77  7:00  Shield Battery  
  79  7:01  Stalker  
  79  7:02  Stalker  
  83  7:09  Blink  
  83  7:10  Robotics Bay  
  83  7:13  Protoss Ground Weapons Level 1 (Chrono Boost), Probe x2  
  85  7:17  Stalker  
  87  7:25  Probe x2  
  87  7:28  Pylon, Observer  
  90  7:32  Pylon  
  90  7:37  Probe x2  
  90  7:41  Probe  
  90  7:42  Assimilator x2  
  93  7:49  Probe x2  
  95  7:53  Probe  
  95  7:55  Zealot  
  95  7:57  Colossus (Chrono Boost)  
  104  8:03  Probe x2  
  106  8:05  Probe  
  106  8:06  Extended Thermal Lance  
  107  8:17  Probe  
  107  8:18  Probe x2  
  110  8:25  Pylon  
  110  8:30  Probe x3  
  110  8:31  Colossus (Chrono Boost)  
  119  8:40  High Templar x2, Gateway  
  123  8:41  Gateway  
  123  8:42  Pylon  
  123  8:43  Gateway  
  123  8:45  Gateway  
  123  8:49  Stalker x2  
  123  9:05  Protoss Ground Weapons Level 2 (Chrono Boost)  
  123  9:10  Pylon  
  123  9:11  Photon Cannon  
  123  9:13  Stalker x4  
  123  9:16  Colossus  
  131  9:18  Gateway  
  129  9:41  High Templar x2  
  129  9:42  Stalker x3  
  129  9:45  Gateway  
  139  9:47  Archon  
  139  9:51  Photon Cannon  
  139  9:52  Photon Cannon  
  139  9:54  Photon Cannon  
  139  10:11  Stalker x5  
  139  10:13  Pylon  
  139  10:14  Pylon  
  147  10:26  Pylon  
  147  10:32  Stalker x3  
  147  10:35  Stalker x4  
  161  10:36  Stalker  
  154  10:59  Archon  
  122  11:06  Stalker x8  
  105  11:31  Stalker x6  
  74  11:40  Warp Prism  
  71  12:00  Protoss Ground Weapons Level 3 (Chrono Boost)  
  71  12:04  Sentry x3  
  71  12:07  Probe x3  
  80  12:18  Immortal (Chrono Boost)  
  80  12:21  Nexus  
  84  12:24  Probe x3  
  84  12:27  Observer  
  87  12:34  High Templar x4  
  94  12:39  Probe  
  94  12:40  Probe x2  
  97  12:45  Immortal  
  97  12:51  Pylon  
  97  12:54  Probe x3  
  104  12:59  Stalker  
  105  13:06  Probe  
  105  13:07  Probe x2  
  105  13:09  High Templar x2  
  105  13:11  Immortal, Shield Battery  
  112  13:22  Assimilator  
  112  13:26  Assimilator  
  116  13:30  Probe x3  
  116  13:34  Probe  
  120  13:37  High Templar x2  
  124  13:43  Immortal  
  124  13:45  Archon  
  122  13:49  Protoss Ground Armor Level 1 (Chrono Boost)  
  122  13:51  Charge (Chrono Boost)  
  127  13:55  Probe  
  127  13:56  Probe x3  
  127  14:02  High Templar  
  132  14:03  High Templar  
  132  14:04  Zealot x3  
  132  14:09  Archon  
  140  14:15  Zealot x3  
  146  14:22  Immortal (Chrono Boost)  
  149  14:29  High Templar, Zealot x2  
  155  14:31  Pylon  
  155  14:33  Pylon  
  155  14:37  Archon x3  
  139  14:41  Stalker x3  
  121  14:51  Warp Prism  
  113  14:56  Stalker x3  
  113  14:58  Stalker  
  115  15:22  Nexus  
  115  15:25  Probe  
  115  15:26  Protoss Ground Armor Level 2 (Chrono Boost), Colossus (Chrono Boost)  
  122  15:32  Robotics Facility  
  122  15:35  High Templar x3  
  126  15:36  High Templar  
  124  16:00  Probe x3  
  124  16:01  Colossus (Chrono Boost)  
  127  16:12  Probe x3  
  130  16:24  Probe x3  
  133  16:30  High Templar x3  
  133  16:31  High Templar  
  141  16:36  Probe x2  
  141  16:37  Archon  
  143  16:40  Colossus (Chrono Boost)  
  143  16:43  High Templar x2, Zealot x2  
  101  17:11  Stalker x4  
  101  17:13  Zealot  
  101  17:14  Zealot  
  113  17:16  Zealot  
  115  17:36  Zealot x4  
  121  17:46  Stalker  
  121  17:49  Warp Prism (Chrono Boost)  
  103  18:09  Archon  
  103  18:16  Archon x2  
  67  18:28  Probe x4  
  71  18:41  High Templar x4, Zealot x2  
  73  18:42  Zealot x2  
  73  18:45  Archon x2  
  83  18:51  Probe x4  
  83  18:54  Observer  
  83  18:55  Colossus (Chrono Boost)  
  91  19:09  Pylon  
  91  19:22  Probe x4  
  101  19:38  Photon Cannon  
  101  19:44  High Templar  
  103  19:48  High Templar, Zealot x3  
  111  19:53  Archon  
Show
View Real Time Build Order
Export as new Build Order

Impact Zerg 

Build Orders: Hatch First, Muta Ling Bane, Zergling Baneling 

Get SALT Encoding   

  12  0:00  Drone  
  13  0:12  Overlord  
  13  0:16  Drone  
  14  0:31  Drone x2  
  14  0:34  Drone  
  17  0:52  Hatchery  
  17  0:55  Drone  
  17  0:58  Drone  
  17  1:00  Extractor  
  17  1:13  Spawning Pool  
  17  1:17  Drone  
  17  1:20  Drone  
  18  1:29  Drone  
  19  1:39  Drone  
  20  1:49  Drone  
  21  2:01  Zergling x2  
  22  2:02  Metabolic Boost  
  22  2:03  Queen  
  22  2:04  Queen  
  26  2:10  Overlord  
  26  2:16  Drone  
  26  2:17  Drone  
  28  2:38  Hatchery  
  28  2:42  Zergling x4  
  28  2:43  Drone x2  
  31  2:46  Drone  
  31  2:52  Pneumatized Carapace  
  31  2:56  Drone  
  32  2:59  Zergling x4  
  32  3:05  Overlord  
  34  3:19  Spore Crawler  
  32  3:22  Drone x3  
  32  3:26  Drone x2, Queen  
  40  3:27  Drone  
  40  3:31  Overlord  
  40  3:33  Drone  
  42  3:44  Evolution Chamber  
  42  3:45  Baneling Nest  
  42  3:48  Zergling x2  
  41  3:50  Drone x3  
  41  3:53  Extractor  
  41  3:55  Drone x2  
  45  3:57  Zergling x2  
  45  4:00  Zergling x2  
  47  4:04  Drone x3  
  47  4:08  Overlord  
  50  4:15  Zergling x6  
  53  4:18  Zergling x4  
  53  4:24  Zergling x6  
  58  4:29  Baneling x2  
  58  4:30  Baneling, Overlord  
  58  4:32  Zergling x2  
  58  4:33  Zergling x2  
  58  4:35  Baneling x2  
  58  4:36  Baneling  
  60  4:39  Drone  
  60  4:40  Drone  
  60  4:41  Drone  
  60  4:45  Drone x2  
  65  4:47  Drone  
  65  4:49  Drone  
  65  4:51  Baneling x2  
  65  4:52  Drone  
  68  4:54  Drone  
  68  4:56  Drone  
  68  4:58  Drone  
  70  5:04  Lair  
  70  5:05  Drone x3  
  68  5:12  Overlord  
  68  5:13  Overlord  
  68  5:17  Roach Warren  
  68  5:18  Baneling x2  
  68  5:19  Overlord  
  67  5:22  Overlord  
  67  5:25  Overlord  
  67  5:30  Spine Crawler  
  64  5:41  Zergling x12  
  66  5:53  Drone  
  63  5:57  Drone  
  63  6:01  Drone  
  63  6:03  Drone  
  65  6:05  Drone x8  
  73  6:12  Overlord  
  73  6:17  Overlord  
  71  6:18  Overlord  
  71  6:22  Extractor x2  
  71  6:24  Drone  
  71  6:25  Glial Reconstitution  
  70  6:26  Zerg Melee Weapons Level 1  
  70  6:28  Zergling x4  
  72  6:35  Zergling x2  
  72  6:36  Zergling x4  
  75  6:41  Zergling x2  
  75  6:44  Queen  
  75  6:45  Queen  
  81  6:47  Drone x3  
  81  6:49  Hatchery  
  81  6:50  Drone x3  
  81  6:51  Overseer  
  84  6:56  Drone  
  84  6:57  Drone  
  84  7:00  Drone x2  
  74  7:03  Drone  
  75  7:09  Spire  
  75  7:11  Drone  
  75  7:13  Roach  
  75  7:15  Roach x2  
  81  7:17  Roach  
  81  7:22  Roach x2  
  87  7:25  Drone  
  87  7:26  Drone, Extractor  
  87  7:27  Drone, Extractor  
  88  7:30  Drone x2  
  88  7:33  Drone x2  
  88  7:34  Baneling x3  
  92  7:38  Drone x2  
  92  7:41  Drone x3  
  97  7:46  Centrifical Hooks  
  97  7:47  Zergling x4  
  97  7:50  Overlord  
  99  7:54  Overlord x2  
  92  8:21  Drone x2  
  92  8:22  Drone x8  
  92  8:23  Mutalisk x4  
  92  8:25  Zerg Melee Weapons Level 2  
  109  8:29  Mutalisk  
  109  8:30  Zergling x2, Extractor  
  109  8:31  Zergling x8  
  109  8:33  Mutalisk  
  117  8:35  Mutalisk  
  117  8:37  Zergling x4  
  117  8:40  Baneling  
  121  8:44  Zergling x8  
  121  8:45  Spine Crawler  
  121  8:47  Zergling x4  
  126  8:52  Zergling x2  
  126  8:53  Baneling x3  
  126  8:54  Baneling  
  127  8:57  Overlord x2  
  127  8:58  Overlord  
  127  9:00  Drone x3  
  127  9:04  Overlord  
  127  9:05  Drone x3  
  130  9:13  Roach x3  
  130  9:14  Overlord  
  130  9:16  Overlord  
  136  9:17  Evolution Chamber  
  136  9:18  Baneling x4  
  131  9:31  Roach x3  
  131  9:32  Roach x5  
  145  9:40  Roach x5  
  145  9:44  Roach x2  
  159  9:54  Overlord x2  
  159  9:55  Zerg Missile Weapons Level 1  
  159  9:58  Hatchery  
  157  10:10  Drone  
  157  10:11  Drone x3  
  160  10:21  Zergling x30  
  163  10:23  Ravager x3  
  163  10:24  Ravager x5  
  163  10:27  Baneling x10  
  182  10:28  Overseer  
  182  10:30  Zergling x2  
  182  10:31  Zergling x2  
  182  10:34  Zergling x2  
  182  10:35  Zergling x6  
  188  10:37  Baneling x3  
  188  10:38  Zergling x2  
  188  10:39  Zergling x2  
  188  10:41  Zergling x2  
  188  10:42  Zergling x2  
  192  10:44  Overlord  
  182  10:57  Zergling x18  
  182  10:59  Overlord  
  169  11:07  Zergling x12  
  169  11:08  Zergling x6  
  170  11:11  Ravager  
  170  11:12  Ravager  
  170  11:15  Roach, Zergling x6  
  170  11:18  Roach  
  156  11:24  Roach x2, Zergling x2  
  156  11:25  Zergling x2  
  151  11:27  Roach, Zergling x6  
  151  11:31  Roach  
  151  11:32  Zergling x2  
  119  11:34  Roach x5  
  119  11:39  Zergling x2  
  108  11:41  Zergling x2  
  108  11:46  Zergling x6  
  103  11:55  Roach x2  
  103  11:56  Zergling x2  
  103  11:57  Zergling x6  
  103  11:59  Roach x2  
  103  12:00  Zergling x2  
  103  12:01  Zergling x4  
  114  12:03  Zergling x4  
  114  12:06  Zergling x4  
  118  12:09  Baneling x10  
  118  12:10  Ravager  
  118  12:11  Ravager x2  
  118  12:12  Ravager  
  122  12:15  Drone  
  122  12:16  Ravager x4  
  122  12:19  Zergling x4  
  129  12:24  Baneling x4  
  129  12:25  Baneling  
  129  12:26  Zergling x4  
  131  12:32  Corruptor  
  131  12:33  Corruptor  
  133  12:37  Corruptor  
  133  12:39  Corruptor  
  133  12:43  Drone x2  
  139  12:47  Corruptor  
  141  12:54  Baneling x5  
  141  12:57  Roach x2  
  147  12:58  Roach  
  147  13:01  Roach  
  147  13:02  Corruptor  
  151  13:10  Drone x2  
  151  13:11  Drone  
  151  13:12  Corruptor  
  156  13:21  Zergling x6  
  156  13:22  Zergling x10  
  156  13:24  Baneling x6  
  156  13:26  Overseer  
  164  13:29  Drone x2  
  164  13:33  Corruptor  
  167  13:34  Overlord  
  167  13:37  Baneling  
  167  13:39  Zergling x8  
  171  13:45  Zergling x2  
  171  13:46  Zergling x10  
  177  13:48  Overlord  
  177  13:50  Overlord  
  177  13:52  Drone x2  
  177  13:53  Drone  
  180  13:59  Zergling x12  
  185  14:05  Baneling x10  
  185  14:14  Hatchery  
  183  14:18  Zergling x16  
  190  14:30  Baneling x11  
  188  14:31  Zergling x2  
  188  14:32  Zergling x14  
  168  14:39  Zergling x14  
  155  14:48  Zergling x12  
  155  14:49  Zergling x8  
  145  14:53  Zergling x6  
  145  14:54  Zergling x4  
  145  14:59  Zergling x2  
  149  15:02  Zergling x4  
  149  15:03  Baneling x10  
  149  15:04  Zergling x2  
  144  15:08  Roach x3  
  144  15:10  Zergling x2  
  144  15:11  Zergling x2  
  144  15:14  Roach, Ravager  
  147  15:15  Roach  
  147  15:16  Baneling x6  
  147  15:17  Baneling x2  
  149  15:21  Drone x3  
  149  15:22  Drone  
  149  15:26  Drone x3  
  156  15:29  Baneling x6  
  156  15:32  Zergling x8  
  156  15:34  Baneling x5  
  160  15:39  Drone x2  
  160  15:40  Drone x2  
  160  15:41  Infestation Pit  
  162  15:44  Roach  
  162  15:45  Roach x2  
  162  15:46  Roach  
  169  15:52  Overlord x3  
  166  16:08  Zergling x10  
  171  16:12  Zergling x32  
  171  16:13  Zergling x2  
  171  16:14  Ravager x2  
  171  16:15  Ravager x5  
  171  16:16  Overlord  
  195  16:20  Baneling x10  
  193  16:29  Zergling x2  
  193  16:30  Zergling x6  
  196  16:34  Hive  
  195  16:45  Zergling x8  
  147  17:02  Corruptor x2  
  147  17:03  Corruptor x6  
  147  17:08  Roach x4, Zergling x4  
  165  17:09  Zergling x28  
  165  17:14  Zergling x6  
  165  17:15  Zergling x4  
  185  17:22  Baneling x9  
  185  17:25  Zergling x2  
  185  17:26  Zergling x10  
  190  17:30  Baneling x10  
  188  17:43  Zergling x10  
  188  17:44  Hatchery, Zergling x16  
  170  17:47  Zergling x2  
  170  17:48  Zergling x2  
  170  17:49  Zergling x2  
  170  17:51  Zergling x2  
  143  17:54  Zergling x8  
  143  17:55  Baneling  
  143  17:56  Zergling x2, Baneling x6  
  143  17:57  Zergling x4  
  143  17:58  Ravager x3  
  148  17:59  Ravager  
  148  18:01  Zergling x2  
  148  18:02  Zergling x2  
  148  18:03  Zergling x4  
  150  18:07  Zergling x2  
  150  18:08  Zergling x4  
  150  18:12  Zergling x6  
  131  18:14  Zergling x2  
  131  18:16  Zergling x4  
  131  18:19  Zergling x2  
  105  18:22  Zergling x4  
  105  18:25  Zergling x2  
  105  18:26  Zergling x2  
  96  18:29  Zergling x2  
  96  18:30  Zergling x4  
  96  18:32  Zergling x2, Baneling  
  97  18:37  Zergling x6  
  101  18:41  Zergling x4  
  101  18:43  Zergling x2  
  98  18:49  Zergling x6  
  98  18:53  Zergling x4  
  98  18:54  Baneling x4  
  98  18:55  Baneling  
  99  19:05  Zergling x10  
  104  19:10  Zergling x6  
  104  19:13  Baneling x8  
  104  19:14  Baneling x2  
  107  19:22  Roach x3  
  113  19:25  Roach  
  113  19:28  Roach x2  
  119  19:34  Roach x2  
  119  19:35  Baneling x3  
  119  19:36  Baneling x2  
  119  19:38  Baneling x2  
  121  19:39  Baneling x2  
  121  19:40  Baneling  
  121  19:41  Zergling x2  
  121  19:45  Ravager x3  
  123  19:48  Zergling x8  
  123  19:49  Baneling  
  123  19:50  Baneling  
  123  19:51  Zergling x2  
  123  19:52  Zergling x2  
  129  19:57  Zergling x6  
  105  20:01  Zergling x2  
Tags
 
Add a new tag
Caveats
  • Supply blocks, unpowered buildings, or Contaminate may cause inaccurate times.
  • Supply counts are checked every 10 seconds.